SAA
ITHACA FIGHTING IMPS @ NORTHVILLE ECLIPSE
09/15/2038
 
TOP OF THE 1ST
Ithaca Fighting Imps batting - Pitching for Northville Eclipse : LHP Devoid Couch
Pitching: LHP Devoid Couch
Batting: RHB Nelson Rivera 0-0: Ball
1-0: Ball
2-0: Called Strike
2-1: Called Strike
2-2: Ground out 4-3 (Groundball, 4, EV 106.2 MPH)
Batting: RHB Jimmy Robinson 0-0: Fly out, F9 (Flyball, 9S, EV 83.8 MPH)
Batting: RHB Jean Couturier 0-0: Ball
1-0: Called Strike
1-1: Swinging Strike
1-2: Foul Ball, location: 2F
1-2: Fly out, F3 (Popup, 23F, EV 91.9 MPH)
Top of the 1st over - 0 runs, 0 hits, 0 errors, 0 left on base; Ithaca 0 - Northville 0
BOTTOM OF THE 1ST
Northville Eclipse batting - Pitching for Ithaca Fighting Imps : RHP Alfredo Rodríguez
Pitching: RHP Alfredo Rodríguez
Batting: RHB Daniel Divina 0-0: Ball
1-0: Ball
2-0: Ball
3-0: Base on Balls
Batting: RHB Curt Taylor 0-0: Called Strike
0-1: Fly out, F9 (Flyball, 9S, EV 98.1 MPH)
Batting: LHB Harry Cornelis 0-0: Ball
Daniel Divina is caught stealing 2nd base 2-6
1-0: SINGLE (Line Drive, 9S, EV 95.6 MPH)
Batting: RHB Ik-jun Cho 0-0: Ball
1-0: Ball
2-0: Ball
3-0: Base on Balls
Harry Cornelis to second
Batting: RHB Daron Mack 0-0: Ball
1-0: Ball
2-0: Ball
3-0: Called Strike
3-1: Base on Balls
Harry Cornelis to third
Ik-jun Cho to second
Batting: RHB Josip Primorac 0-0: SINGLE (Groundball, 56, EV 103.8 MPH) (infield hit)
Harry Cornelis scores
Ik-jun Cho to third
Daron Mack to second
Batting: RHB Chris McBride 0-0: Fielders Choice at 2nd, 5-4 (Groundball, 56, EV 80.0 MPH)
Bottom of the 1st over - 1 run, 2 hits, 0 errors, 3 left on base; Ithaca 0 - Northville 1
TOP OF THE 2ND
Ithaca Fighting Imps batting - Pitching for Northville Eclipse : LHP Devoid Couch
Batting: RHB Brant Fields 0-0: Called Strike
0-1: Foul Ball, location: 2F
0-2: Foul Ball, location: 2F
0-2: Ball
1-2: Foul Ball, location: 2F
1-2: Ball
2-2: Ball
3-2: DOUBLE (Flyball, 8RXD, EV 90.0 MPH)
Batting: LHB Bill Gracián 0-0: Foul Ball, location: 2F
0-1: Ball
1-1: Ball
2-1: Foul Ball, location: 2F
2-2: Foul Ball, location: 2F
2-2: SINGLE (Groundball, 56D, EV 96.2 MPH)
Brant Fields to third
Batting: RHB J.J. Holmes 0-0: Ball
1-0: Ball
2-0: Ball
3-0: Called Strike
3-1: Called Strike
3-2: Base on Balls
Bill Gracián to second
Batting: RHB Adrian Chandler 0-0: Fielders Choice at 2nd, 6-4 (Groundball, 6, EV 84.4 MPH)
Brant Fields scores
Bill Gracián to third
Batting: LHB Ewan Manshert 0-0: Called Strike
0-1: Foul Ball, location: 2F
0-2: Ball
1-2: Ball
2-2: Strikes out looking
Batting: RHB Pablo Álvarez Pickoff Throw to First - Out! 1-3
Top of the 2nd over - 1 run, 2 hits, 0 errors, 1 left on base; Ithaca 1 - Northville 1
BOTTOM OF THE 2ND
Northville Eclipse batting - Pitching for Ithaca Fighting Imps : RHP Alfredo Rodríguez
Batting: RHB Colm Shapland 0-0: Ball
1-0: Ground out 5-3 (Groundball, 56S, EV 65.0 MPH)
Batting: RHB Jung-gwon Ch'oe 0-0: Fly out, F6 (Popup, 6, EV 61.9 MPH)
Batting: RHB Daniel Divina 0-0: Ball
1-0: Called Strike
1-1: Swinging Strike
1-2: Ball
2-2: Foul Ball, location: 2F
2-2: Strikes out swinging
Bottom of the 2nd over - 0 runs, 0 hits, 0 errors, 0 left on base; Ithaca 1 - Northville 1
TOP OF THE 3RD
Ithaca Fighting Imps batting - Pitching for Northville Eclipse : LHP Devoid Couch
Batting: RHB Pablo Álvarez 0-0: Ball
1-0: Foul Ball, location: 2F
1-1: Ground out 4-3 (Groundball, 34, EV 88.8 MPH)
Batting: RHB Nelson Rivera 0-0: Foul Ball, location: 2F
0-1: Bunt missed!
0-2: Ball
1-2: Ball
2-2: Ball
3-2: Base on Balls
Batting: RHB Jimmy Robinson 0-0: Ball
1-0: Foul Ball, location: 2F
1-1: Ball
2-1: 2-RUN HOME RUN (Flyball, 78XD, EV 91.9 MPH), Distance : 436 ft
Batting: RHB Jean Couturier 0-0: Called Strike
0-1: Ball
1-1: Fly out, F9 (Flyball, 89S, EV 88.8 MPH)
Batting: RHB Brant Fields 0-0: Ball
1-0: Fly out, F9 (Line Drive, 9, EV 105.0 MPH)
Top of the 3rd over - 2 runs, 1 hit, 0 errors, 0 left on base; Ithaca 3 - Northville 1
BOTTOM OF THE 3RD
Northville Eclipse batting - Pitching for Ithaca Fighting Imps : RHP Alfredo Rodríguez
Batting: RHB Curt Taylor 0-0: Foul Ball, location: 2F
0-1: Ball
1-1: Ball
2-1: Called Strike
2-2: Fly out, F4 (Popup, 34, EV 56.9 MPH)
Batting: LHB Harry Cornelis 0-0: Foul Ball, location: 2F
0-1: Foul Ball, location: 2F
0-2: Ball
1-2: Ball
2-2: SINGLE (Groundball, 4MD, EV 111.2 MPH)
Batting: RHB Ik-jun Cho 0-0: Ball
1-0: Foul Ball, location: 2F
1-1: Ball
2-1: DOUBLE (Line Drive, 7LD, EV 108.1 MPH)
Harry Cornelis to third
Batting: RHB Daron Mack 0-0: Called Strike
0-1: Foul Ball, location: 2F
0-2: Ball
1-2: Ball
2-2: Foul Ball, location: 2F
2-2: Foul Ball, location: 2F
2-2: SINGLE (Line Drive, 9S, EV 100.0 MPH)
Harry Cornelis scores
Ik-jun Cho to third
Runner from 3rd tries for Home, throw by RF and OUT! 9-2
Batting: RHB Josip Primorac 0-0: Called Strike
0-1: Ball
1-1: Foul Ball, location: 2F
1-2: Ball
2-2: Foul Ball, location: 2F
2-2: Foul Ball, location: 2F
2-2: Foul Ball, location: 2F
2-2: Fly out, F9 (Line Drive, 89M, EV 98.8 MPH)
Bottom of the 3rd over - 1 run, 3 hits, 0 errors, 1 left on base; Ithaca 3 - Northville 2
TOP OF THE 4TH
Ithaca Fighting Imps batting - Pitching for Northville Eclipse : LHP Devoid Couch
Batting: LHB Bill Gracián 0-0: Called Strike
0-1: Foul Ball, location: 2F
0-2: Foul Ball, location: 2F
0-2: Ball
1-2: Ball
2-2: Foul Ball, location: 2F
2-2: Foul Ball, location: 2F
2-2: Fly out, F7 (Flyball, 78D, EV 108.1 MPH)
Batting: RHB J.J. Holmes 0-0: Ball
1-0: Ball
2-0: Ball
3-0: Called Strike
3-1: Fly out, F6 (Popup, 6, EV 66.9 MPH)
Batting: RHB Adrian Chandler 0-0: Called Strike
0-1: Ball
1-1: Fly out, F8 (Flyball, 89M, EV 96.9 MPH)
Top of the 4th over - 0 runs, 0 hits, 0 errors, 0 left on base; Ithaca 3 - Northville 2
BOTTOM OF THE 4TH
Northville Eclipse batting - Pitching for Ithaca Fighting Imps : RHP Alfredo Rodríguez
Batting: RHB Chris McBride 0-0: Ball
1-0: Called Strike
1-1: Ball
2-1: Foul Ball, location: 2F
2-2: Foul Ball, location: 2F
2-2: Foul Ball, location: 2F
2-2: Ball
3-2: DOUBLE (Line Drive, 89XD, EV 106.9 MPH)
Batting: RHB Colm Shapland 0-0: Called Strike
0-1: Foul Ball, location: 2F
0-2: Foul Ball, location: 2F
0-2: Strikes out swinging
Batting: RHB Jung-gwon Ch'oe 0-0: Ball
1-0: Called Strike
1-1: Called Strike
1-2: Ball
2-2: Ground out 5-3 (Groundball, 56S, EV 81.2 MPH)
Batting: RHB Daniel Divina 0-0: Ball
1-0: Called Strike
1-1: Ball
2-1: Foul Ball, location: 2F
2-2: Ball
3-2: 2-RUN HOME RUN (Flyball, 7LD, EV 102.5 MPH), Distance : 358 ft
Batting: RHB Curt Taylor 0-0: Ball
1-0: Called Strike
1-1: Fly out, F9 (Line Drive, 9D, EV 96.2 MPH)
Bottom of the 4th over - 2 runs, 2 hits, 0 errors, 0 left on base; Ithaca 3 - Northville 4
TOP OF THE 5TH
Ithaca Fighting Imps batting - Pitching for Northville Eclipse : LHP Devoid Couch
Batting: LHB Ewan Manshert 0-0: Called Strike
0-1: Fly out, F7 (Flyball, 7, EV 95.6 MPH)
Batting: RHB Pablo Álvarez 0-0: Ball
1-0: Called Strike
1-1: Swinging Strike
1-2: SINGLE (Line Drive, 8LS, EV 108.1 MPH)
Batting: RHB Nelson Rivera 0-0: Called Strike
0-1: Foul Ball, location: 2F
0-2: Fielders Choice at 2nd, 5-4 (Groundball, 56, EV 86.9 MPH)
Batting: RHB Jimmy Robinson 0-0: Called Strike
0-1: Ball
1-1: Called Strike
1-2: Ball
2-2: Fielders Choice at 2nd, 6-4 (Groundball, 6, EV 80.0 MPH)
Top of the 5th over - 0 runs, 1 hit, 0 errors, 1 left on base; Ithaca 3 - Northville 4
BOTTOM OF THE 5TH
Northville Eclipse batting - Pitching for Ithaca Fighting Imps : RHP Alfredo Rodríguez
Batting: LHB Harry Cornelis 0-0: Fly out, F7 (Flyball, 78M, EV 88.8 MPH)
Batting: RHB Ik-jun Cho 0-0: Called Strike
0-1: Foul Ball, location: 2F
0-2: Ball
1-2: SINGLE (Groundball, 6MD, EV 102.5 MPH)
Batting: RHB Daron Mack 0-0: Reached on error, E5 (Groundball, 56, EV 86.2 MPH)
Ik-jun Cho to second
Batting: RHB Josip Primorac 0-0: SINGLE (Line Drive, 5D, EV 99.4 MPH)
Ik-jun Cho to third
Daron Mack to second
Batting: RHB Chris McBride 0-0: Foul Ball, location: 2F
0-1: Ball
1-1: Foul Ball, location: 2F
1-2: Foul Ball, location: 2F
1-2: Ball
2-2: Grounds into fielders choice 4-2 (Groundball, 34S, EV 86.9 MPH)
Daron Mack to third
Josip Primorac to second
Batting: RHB Colm Shapland 0-0: Called Strike
0-1: DOUBLE (Groundball, 5L, EV 97.5 MPH)
Daron Mack scores
Josip Primorac scores
Chris McBride to third
Runner from 3rd tries for Home, SAFE, no throw by LF
Pitching: RHP Dominic Raymond
Batting: RHB Jung-gwon Ch'oe 0-0: Ball
1-0: Ball
2-0: DOUBLE (Flyball, 8LD, EV 94.4 MPH)
Colm Shapland scores
Batting: RHB Daniel Divina 0-0: Ball
1-0: Called Strike
1-1: Foul Ball, location: 2F
1-2: Ball
2-2: Ball
3-2: Fly out, F6 (Line Drive, 6, EV 76.9 MPH)
Bottom of the 5th over - 4 runs, 4 hits, 1 error, 1 left on base; Ithaca 3 - Northville 8
TOP OF THE 6TH
Ithaca Fighting Imps batting - Pitching for Northville Eclipse : LHP Devoid Couch
Batting: RHB Jean Couturier 0-0: Called Strike
0-1: Ball
1-1: Ball
2-1: Foul Ball, location: 2F
2-2: Foul Ball, location: 2F
2-2: Ball
3-2: SINGLE (Groundball, 56D, EV 102.5 MPH)
Batting: RHB Brant Fields 0-0: Called Strike
0-1: Ball
1-1: Swinging Strike
1-2: Strikes out looking
Batting: LHB Bill Gracián 0-0: Ball
1-0: Called Strike
1-1: Ball
2-1: Fielders Choice at 2nd, 6-4 (Groundball, 56, EV 85.0 MPH)
Batting: RHB J.J. Holmes 0-0: Called Strike
0-1: Ball
1-1: Foul Ball, location: 2F
1-2: Ball
2-2: Strikes out looking
Top of the 6th over - 0 runs, 1 hit, 0 errors, 1 left on base; Ithaca 3 - Northville 8
BOTTOM OF THE 6TH
Northville Eclipse batting - Pitching for Ithaca Fighting Imps : RHP Dominic Raymond
Batting: RHB Curt Taylor 0-0: Ball
1-0: Foul Ball, location: 2F
1-1: DOUBLE (Line Drive, 5D, EV 109.4 MPH)
Batting: LHB Harry Cornelis 0-0: Ball
1-0: Called Strike
1-1: Ball
2-1: Ball
3-1: Swinging Strike
3-2: Base on Balls
Batting: RHB Ik-jun Cho 0-0: Ball
1-0: Foul Ball, location: 2F
1-1: Ball
2-1: Ball
3-1: Swinging Strike
3-2: Foul Ball, location: 2F
3-2: Foul Ball, location: 2F
3-2: Foul Ball, location: 2F
3-2: Foul Ball, location: 2F
3-2: Fly out, F7 (Flyball, 7D, EV 105.6 MPH)
Runner from 2nd tags up, SAFE at 3rd, no throw by LF
Batting: RHB Daron Mack 0-0: Called Strike
0-1: Ball
1-1: Ball
2-1: Ball
3-1: Grounds into double play, 6-4-3 (Groundball, 6, EV 102.5 MPH)
Bottom of the 6th over - 0 runs, 1 hit, 0 errors, 1 left on base; Ithaca 3 - Northville 8
TOP OF THE 7TH
Ithaca Fighting Imps batting - Pitching for Northville Eclipse : LHP Devoid Couch
Batting: RHB Adrian Chandler 0-0: Foul Ball, location: 2F
0-1: Called Strike
0-2: Ball
1-2: Foul Ball, location: 2F
1-2: Ball
2-2: Strikes out swinging passed ball, reaches first!
Pitching: RHP Shawn King
Batting: LHB Ewan Manshert 0-0: Called Strike
Adrian Chandler steals 2nd base
0-1: Ball
1-1: Ball
2-1: Called Strike
2-2: Fly out, F9 (Flyball, 89S, EV 89.4 MPH)
Batting: RHB Pablo Álvarez 0-0: Swinging Strike
0-1: DOUBLE (Line Drive, 89M, EV 102.5 MPH)
Adrian Chandler scores
Batting: RHB Nelson Rivera 0-0: Foul Ball, location: 2F
0-1: Called Strike
0-2: Ball
1-2: Foul Ball, location: 2F
1-2: Ball
2-2: Strikes out looking
Batting: RHB Jimmy Robinson 0-0: Fly out, F9 (Flyball, 9S, EV 86.2 MPH)
Top of the 7th over - 1 run, 1 hit, 0 errors, 1 left on base; Ithaca 4 - Northville 8
BOTTOM OF THE 7TH
Northville Eclipse batting - Pitching for Ithaca Fighting Imps : RHP Dominic Raymond
Batting: RHB Josip Primorac 0-0: SINGLE (Groundball, 6MD, EV 101.9 MPH)
Batting: RHB Chris McBride 0-0: Foul Ball, location: 2F
0-1: SINGLE (Groundball, 6, EV 80.6 MPH) (infield hit)
Josip Primorac to second
Batting: RHB Colm Shapland 0-0: Ball
1-0: Sac Bunt to 13 - play at first, batter OUT! 1-3
Josip Primorac to third
Chris McBride to second
Batting: RHB Jung-gwon Ch'oe 0-0: Ball
1-0: Ball
2-0: Ball
3-0: Called Strike
3-1: Base on Balls
Pitching: RHP Doug Schmidt
Batting: RHB Daniel Divina 0-0: Called Strike
0-1: SINGLE (Groundball, 56D, EV 95.6 MPH)
Josip Primorac scores
Chris McBride to third
Jung-gwon Ch'oe to second
Runner from 3rd tries for Home, SAFE, throw by LF to home
Batting: RHB Curt Taylor 0-0: Ball
1-0: Fly out, F9 (Flyball, 89M, EV 87.5 MPH)
Batting: LHB Harry Cornelis 0-0: Called Strike
0-1: Swinging Strike
0-2: Foul Ball, location: 2F
0-2: Strikes out looking
Bottom of the 7th over - 2 runs, 3 hits, 0 errors, 2 left on base; Ithaca 4 - Northville 10
TOP OF THE 8TH
Ithaca Fighting Imps batting - Pitching for Northville Eclipse : RHP Shawn King
Batting: RHB Jean Couturier 0-0: Foul Ball, location: 2F
0-1: Foul Ball, location: 2F
0-2: Foul Ball, location: 2F
0-2: Ball
1-2: Foul Ball, location: 2F
1-2: Fly out, F7 (Flyball, 7LSF, EV 78.8 MPH)
Batting: RHB Brant Fields 0-0: Foul Ball, location: 2F
0-1: Foul Ball, location: 2F
0-2: Foul Ball, location: 2F
0-2: Foul Ball, location: 2F
0-2: Ball
1-2: SINGLE (Flyball, 7LS, EV 100.0 MPH)
Batting: LHB Bill Gracián 0-0: Ball
1-0: Foul Ball, location: 2F
1-1: Swinging Strike
1-2: Ball
2-2: Strikes out swinging
Batting: RHB J.J. Holmes 0-0: Ball
1-0: Ball
2-0: Called Strike
2-1: Foul Ball, location: 2F
2-2: Foul Ball, location: 2F
2-2: Fly out, F8 (Flyball, 89D, EV 80.0 MPH)
Top of the 8th over - 0 runs, 1 hit, 0 errors, 1 left on base; Ithaca 4 - Northville 10
BOTTOM OF THE 8TH
Northville Eclipse batting - Pitching for Ithaca Fighting Imps : RHP Doug Schmidt
Batting: RHB Ik-jun Cho 0-0: Ball
1-0: Foul Ball, location: 2F
1-1: Foul Ball, location: 2F
1-2: Ball
2-2: Ball
3-2: Foul Ball, location: 2F
3-2: Ground out 6-3 (Groundball, 6, EV 90.6 MPH)
Batting: RHB Daron Mack 0-0: Ball
1-0: Ball
2-0: Ball
3-0: Called Strike
3-1: Called Strike
3-2: Foul Ball, location: 2F
3-2: Fly out, F7 (Flyball, 78M, EV 91.2 MPH)
Batting: RHB Josip Primorac 0-0: Swinging Strike
0-1: Ball
1-1: Swinging Strike
1-2: Ball
2-2: Ball
3-2: Ground out 5-3 (Groundball, 5, EV 86.2 MPH)
Bottom of the 8th over - 0 runs, 0 hits, 0 errors, 0 left on base; Ithaca 4 - Northville 10
TOP OF THE 9TH
Ithaca Fighting Imps batting - Pitching for Northville Eclipse : RHP Shawn King
Batting: RHB Adrian Chandler 0-0: Ball
1-0: Ground out 5-3 (Groundball, 56, EV 79.4 MPH)
Batting: LHB Ewan Manshert 0-0: Ground out 4-3 (Groundball, 4, EV 83.8 MPH)
Batting: RHB Pablo Álvarez 0-0: Called Strike
0-1: Fly out, F9 (Flyball, 9LS, EV 84.4 MPH)
Top of the 9th over - 0 runs, 0 hits, 0 errors, 0 left on base; Ithaca 4 - Northville 10
Friday, April 17th, 2020 - OOTP Baseball 20.8 Build 74